 Dungeon Crawl Stone Soup version 0.23.1-44-gbd83930989 (webtiles) character file.

Game seed: 6859352024801755444

1752 Peloso the Carver (level 8, 0/69 HPs)
             Began as a Minotaur Fighter on Mar 31, 2019.
             Slain by a scorpion (7 damage)
             ... on level 5 of the Dungeon.
             The game lasted 00:10:14 (3633 turns).

Peloso the Carver (Minotaur Fighter)                Turns: 3633, Time: 00:10:14

Health: 0/69       AC: 12    Str: 20    XL:     8   Next: 78%
Magic:  7/7        EV:  7    Int:  5    God:
Gold:   288        SH: 11    Dex: 13    Spells: 7/7 levels left

rFire    . . .     SeeInvis .   a - +1 long sword
rCold    . . .     Gourm    .   c - +0 shield
rNeg     . . .     Faith    .   l - +0 chain mail
rPois    +         Spirit   .   (helmet restricted)
rElec    .         Reflect  .   (no cloak)
rCorr    .         Harm     .   i - +1 pair of gloves
MR       .....                  (no boots)
Stlth    ..........             (no amulet)
HPRegen  0.21/turn              (no ring)
MPRegen  0.10/turn              p - ring of poison resistance

@: lethally poisoned (0 -> -4), starving
A: retaliatory headbutt, horns 2
a: no special abilities


You were on level 5 of the Dungeon.
You were starving.

You visited 1 branch of the dungeon, and saw 5 of its levels.
You also visited: Ossuary.

You collected 288 gold pieces.

Inventory:

Hand Weapons
 a - a +1 long sword (weapon)
Armour
 b - a +0 scale mail
 c - a +0 shield (worn)
 i - a +1 pair of gloves (worn)
 l - a +0 chain mail (worn)
Jewellery
 p - a ring of poison resistance (right hand)
Wands
 r - a wand of enslavement (5)
 w - a wand of polymorph (9)
Scrolls
 e - 4 scrolls of teleportation
 h - 7 scrolls of identify
 j - 4 scrolls of noise
 o - 2 scrolls of fog
 s - a scroll of magic mapping {unknown}
 u - a scroll of remove curse
Potions
 d - 2 potions of might
 g - 7 potions of haste
 k - 2 potions of flight
 m - 2 potions of brilliance {unknown}
 n - 2 potions of curing
 q - a potion of resistance {unknown}
 t - 4 potions of magic {unknown}
 v - a potion of ambrosia {unknown}
 x - a potion of heal wounds {unknown}
 z - a potion of cancellation {unknown}
 A - a potion of degeneration {unknown}
Comestibles
 f - 9 rations


   Skills:
 + Level 5.6 Fighting
 + Level 8.7 Long Blades
 + Level 7.1 Armour
 + Level 2.7 Dodging
 + Level 1.0 Stealth
 + Level 7.5 Shields
 + Level 0.1 Evocations


You had 7 spell levels left.
You didn't know any spells.
Your spell library contained the following spells:

 Spells                   Type           Power        Failure   Level  Hunger
 Magic Dart               Conj           #...         100%        1    ##.....
 Blink                    Tloc           N/A          100%        2    ###....
 Call Imp                 Summ           #.......     100%        2    ###....
 Slow                     Hex            #.......     100%        2    ###....
 Conjure Flame            Conj/Fire      #.......     100%        3    ####...
 Mephitic Cloud           Conj/Pois/Air  #.......     100%        3    ####...


Dungeon Overview and Level Annotations

Branches:
Dungeon (5/15)
 Temple: D:4-7

Altars:
Nemelex Xobeh


Innate Abilities, Weirdness & Mutations

You reflexively headbutt those who attack you in melee.
You have a pair of horns on your head.


Message History

The scorpion stings you.
* * * LOW HITPOINT WARNING * * *
You are lethally poisoned!
The scorpion poisons you! The gnoll hits you but does no damage.
* * * LOW HITPOINT WARNING * * *
You feel sick.
You feel better. You block the scorpion's attack.
You hit the scorpion. Your headbutt misses the scorpion.
The scorpion is severely wounded.
The scorpion stings you.
* * * LOW HITPOINT WARNING * * *
You are poisoned.
The scorpion poisons you! You block the gnoll's attack.
You hit the scorpion.
The scorpion is severely wounded.
You feel sick. You block the scorpion's attack. The gnoll barely misses you.
You closely miss the scorpion.
The scorpion is severely wounded.
You feel sick. The scorpion stings you!
You die...

#.####
##.....#
#.# #...#.#
#.# #..<#.#
#.# #.....#
######
#...###
##8## #...#
#...# #...#
#...###...#
#..)@sgg..#
#!.)###...#
#...# #...#
##8##
#..... ###
#...##..
#...# .
#...# ...#


You could see a scorpion and 2 gnolls.

Vanquished Creatures
  Grinder (D:5)
  A hungry ghost (D:5)
  Menkaure (D:4)
  A phantom (D:4)
  An ogre (D:5)
  2 centaurs
  A bullfrog (D:5)
  A water moccasin zombie (Ossuary)
  A howler monkey (D:4)
  A bullfrog zombie (D:5)
  A crimson imp (D:5)
  2 hounds (D:4)
  4 orc priests
  2 orc wizards (D:3)
  A bullfrog skeleton (D:2)
  Crazy Yiuf (D:5)
  A gnoll shaman (D:5)
  A worker ant (D:5)
  3 big kobold zombies (Ossuary)
  A hound skeleton (D:4)
  2 mummies (Ossuary)
  7 gnolls
  6 adders
  A white imp (D:5)
  2 oozes
  4 adder zombies (Ossuary)
  2 worms
  A dart slug (D:3)
  5 leopard geckos
  11 orcs
  3 ball pythons
  10 bats
  6 giant cockroaches
  2 gnoll zombies (Ossuary)
  7 goblins
  4 hobgoblins
  4 jackals (D:3)
  6 kobolds
  5 quokkas
  7 frilled lizards
  7 hobgoblin zombies (Ossuary)
  6 kobold zombies (Ossuary)
  8 orc zombies (Ossuary)
  28 rats
172 creatures vanquished.

Notes
Turn   | Place    | Note
-------+----------+-------------------------------------------
     0 | D:1      | Peloso the Minotaur Fighter began the quest for the Orb.
     0 | D:1      | Reached XP level 1. HP: 19/19 MP: 0/0
   118 | D:1      | Reached XP level 2. HP: 26/27 MP: 1/1
   558 | D:2      | Reached skill level 3 in Long Blades
   558 | D:2      | Reached XP level 3. HP: 31/33 MP: 2/2
   675 | D:2      | Reached XP level 4. HP: 15/40 MP: 3/3
  1001 | D:3      | Reached skill level 1 in Dodging
  1089 | D:3      | Reached skill level 5 in Shields
  1244 | D:3      | Reached skill level 4 in Long Blades
  1244 | D:3      | Reached XP level 5. HP: 31/46 MP: 4/4
  1610 | D:3      | Reached XP level 6. HP: 43/53 MP: 5/5
  1858 | D:3      | Reached skill level 5 in Long Blades
  2175 | D:4      | Reached skill level 5 in Armour
  2245 | D:4      | Found a sparkling altar of Nemelex Xobeh.
  2274 | D:4      | Reached XP level 7. HP: 37/60 MP: 6/6
  2306 | D:4      | Noticed Menkaure
  2314 | D:4      | Killed Menkaure
  2314 | D:4      | Reached skill level 6 in Long Blades
  2582 | D:4      | Reached skill level 1 in Stealth
  2798 | D:5      | Entered Level 5 of the Dungeon
  2812 | D:5      | Noticed a hungry ghost
  2840 | D:5      | Killed a hungry ghost
  2870 | D:5      | Noticed Grinder
  2871 | D:5      | Paralysed by Grinder for 5 turns
  2877 | D:5      | Paralysed by Grinder for 6 turns
  2923 | D:5      | Killed Grinder
  2923 | D:5      | Reached skill level 5 in Fighting
  2923 | D:5      | Reached skill level 7 in Long Blades
  2923 | D:5      | Reached XP level 8. HP: 64/68 MP: 7/7
  3170 | D:5      | Found a runed translucent door.
  3171 | D:5      | Noticed Crazy Yiuf
  3210 | D:5      | Killed Crazy Yiuf
  3279 | D:5      | Found a sand-covered staircase.
  3286 | Ossuary  | Entered an ossuary
  3526 | Ossuary  | Reached skill level 8 in Long Blades
  3633 | D:5      | Slain by a scorpion

Skill      XL: |  1  2  3  4  5  6  7  8 |
---------------+-------------------------+-----
Fighting       | 4 5 |  5.6
Shields        | 4 5 6 7 |  7.5
Long Blades    | 3 4 5 7 8 |  8.7
Armour         | 4 5 6 7 |  7.1
Dodging        | 1 2 |  2.7
Stealth        | 1 |  1.0
Evocations     | |  0.1

Action                   |  1- 3 |  4- 6 |  7- 9 || total
-------------------------+-------+-------+-------++-------
Melee: Long sword        |    67 |   261 |   236 ||   564
       Headbutt          |    10 |    36 |    47 ||    93
Evoke: Wand              |       |       |     1 ||     1
  Use: Scroll            |       |     8 |     1 ||     9
       Potion            |       |       |     1 ||     1
  Eat: Chunk             |       |     5 |     3 ||     8
       Ration            |       |       |     1 ||     1
Armor: Scale mail        |    42 |   115 |    17 ||   174
       Chain mail        |       |       |    66 ||    66
Dodge: Dodged            |    28 |    92 |    61 ||   181
Block: Shield            |    52 |   162 |   119 ||   333
       Rpst.: Long sword |     9 |    21 |    14 ||    44
